Map: Stasis LE

Players

Dubhghall

  • Race: Protoss Protoss
  • League: Diamond
  • Spawn Location: 11:00

ViBE - Winner!

  • Race: Zerg Zerg
  • League: Diamond
  • Spawn Location: 1:00

VOD

https://www.youtube.com/watch?v=VJt91H_EKo0&t=5170

Description

ViBE ZvP gasless 3 base opening

Time

  • Played on: Nov. 30, 2018, 8:06 p.m.
  • Length: 15:22
Show
View Real Time Build Order
Export as new Build Order

Dubhghall Protoss 

Build Orders: 1 Gate Expand, Double Forge, Blink Stalkers 

Get SALT Encoding   

  12  0:00  Probe  
  13  0:13  Probe  
  14  0:18  Pylon  
  14  0:25  Probe  
  15  0:37  Probe  
  15  0:42  Gateway  
  16  0:47  Assimilator  
  16  0:49  Probe  
  17  1:02  Probe  
  18  1:14  Probe  
  19  1:26  Nexus  
  19  1:36  Probe  
  20  1:45  Cybernetics Core  
  20  1:49  Pylon  
  20  1:59  Probe  
  21  2:11  Probe  
  21  2:15  Pylon  
  22  2:23  Pylon  
  22  2:25  Probe  
  22  2:29  Assimilator  
  23  2:34  Stalker  
  23  2:35  Twilight Council  
  23  2:38  Probe x2  
  27  2:50  Warp Gate  
  27  2:51  Probe  
  28  3:00  Gateway  
  28  3:15  Gateway  
  28  3:22  Pylon  
  28  3:24  Probe x2  
  28  3:32  Probe x2  
  30  3:41  Probe x2  
  32  3:46  Blink  
  34  3:49  Probe x2  
  36  3:57  Probe x2  
  38  4:02  Pylon  
  38  4:08  Probe  
  39  4:12  Forge  
  39  4:13  Probe  
  40  4:19  Forge  
  40  4:20  Probe  
  41  4:25  Probe  
  42  4:34  Pylon  
  42  4:38  Gateway x2, Protoss Ground Weapons Level 1, Protoss Ground Armor Level 1  
  42  4:41  Gateway  
  42  4:43  Gateway  
  42  4:47  Assimilator x2  
  42  4:57  Templar Archives  
  42  5:10  Stalker  
  42  5:12  Probe x2  
  46  5:24  Probe x2  
  48  5:35  Psionic Storm  
  48  5:36  Probe  
  48  5:37  Robotics Facility  
  48  5:39  Robotics Facility  
  48  5:41  Pylon  
  49  5:44  Probe  
  49  5:48  Probe  
  51  5:50  Stalker x2  
  51  5:54  Stalker  
  57  6:11  Nexus  
  57  6:13  Pylon  
  57  6:22  Protoss Ground Weapons Level 2  
  57  6:27  Observer, Protoss Ground Armor Level 2  
  57  6:31  Robotics Bay  
  58  6:33  Pylon  
  58  6:48  Immortal  
  58  6:49  Probe x2  
  64  6:58  Warp Prism  
  66  7:01  Probe  
  67  7:18  Immortal  
  65  7:23  Immortal  
  65  7:36  Stalker x3  
  65  7:37  Stalker x4  
  80  7:51  Probe x3  
  80  7:55  Immortal  
  80  7:56  Immortal  
  91  8:05  Probe x2  
  91  8:06  Probe  
  91  8:07  Charge  
  93  8:24  Stalker x2  
  93  8:25  Stalker x3  
  98  8:37  Nexus  
  98  8:38  Pylon  
  98  8:39  Immortal  
  98  8:44  Immortal  
  106  9:19  Immortal  
  106  9:23  Immortal  
  114  9:25  Pylon  
  114  9:26  Pylon  
  114  9:43  Probe x2  
  116  9:45  High Templar  
  116  9:46  High Templar x2  
  116  9:52  Zealot x3  
  126  9:53  Zealot  
  126  9:55  Probe x3  
  133  10:00  Assimilator x2  
  133  10:04  Immortal x2  
  133  10:07  Probe x3  
  144  10:22  Pylon  
  144  10:25  Pylon, Zealot x2  
  148  10:41  Zealot x4  
  148  10:42  Zealot  
  94  10:51  Zealot x2  
  67  11:08  Zealot x5  
  67  11:09  Disruptor x2  
  66  11:16  Probe x3  
  75  11:28  Probe x3  
  75  11:30  Zealot x6  
  90  11:33  High Templar  
  69  11:50  Zealot x2  
  69  11:51  Zealot x4  
  69  12:06  Zealot  
  67  12:12  Zealot x4  
  67  12:13  Zealot x2  
  80  12:15  Probe x2  
  80  12:16  Probe  
  80  12:30  Protoss Ground Weapons Level 3  
  80  12:34  High Templar x5  
  80  12:35  High Templar, Disruptor x2  
  92  12:37  Zealot  
  92  12:39  Archon x3  
  100  12:59  Nexus  
  100  13:01  Pylon  
  100  13:07  High Templar x4  
  100  13:08  High Templar x2  
  112  13:15  Archon x3  
  112  13:17  Zealot  
  114  13:28  Warp Prism  
  114  13:31  Probe  
  114  13:32  Probe x2  
  119  13:34  Pylon  
  119  13:43  Stalker x3, Probe  
  119  13:45  High Templar x2  
  130  13:49  Archon  
  130  13:56  Warp Prism  
  73  14:38  Zealot x3  
  73  14:39  Zealot x4  
Show
View Real Time Build Order
Export as new Build Order

ViBE Zerg - Winner!

Build Orders: Hatch First, Roach Hydra 

Get SALT Encoding   

  12  0:02  Drone  
  13  0:16  Overlord  
  13  0:20  Drone  
  14  0:35  Drone x2  
  16  0:43  Drone  
  17  0:55  Hatchery  
  16  0:58  Drone  
  17  1:13  Spawning Pool  
  17  1:16  Drone  
  17  1:21  Drone  
  17  1:22  Drone  
  19  1:34  Drone  
  20  1:47  Hatchery  
  20  1:53  Drone x2  
  21  2:04  Overlord  
  21  2:10  Queen  
  21  2:13  Drone  
  24  2:20  Drone  
  24  2:21  Drone  
  26  2:26  Queen  
  28  2:31  Drone  
  28  2:36  Drone x2  
  31  2:45  Drone  
  32  2:52  Overlord  
  32  2:54  Drone  
  32  2:55  Queen  
  35  2:59  Drone  
  35  3:02  Extractor  
  35  3:04  Queen, Extractor  
  36  3:07  Drone x2  
  38  3:15  Drone  
  38  3:16  Drone x2  
  41  3:21  Drone x2  
  43  3:27  Drone  
  43  3:32  Drone x2  
  46  3:38  Drone x4  
  50  3:46  Overlord x2  
  50  3:47  Overlord  
  50  3:53  Roach Warren  
  50  3:55  Lair  
  49  3:56  Drone  
  49  3:58  Overlord  
  50  4:08  Drone x6  
  50  4:09  Drone  
  57  4:19  Overlord  
  57  4:26  Overlord x2  
  57  4:28  Zergling x6  
  60  4:34  Roach x4  
  60  4:35  Roach  
  70  4:44  Roach x4  
  78  5:04  Glial Reconstitution  
  78  5:06  Overseer  
  78  5:08  Drone x9  
  86  5:27  Overseer  
  86  5:29  Roach x4  
  86  5:32  Extractor  
  86  5:34  Extractor  
  92  5:38  Drone x4  
  96  5:48  Roach x4  
  104  5:58  Roach  
  104  6:00  Overlord x7  
  106  6:12  Overlord x2  
  106  6:14  Hatchery  
  105  6:23  Roach x7  
  119  6:28  Roach x5  
  128  6:33  Roach  
  128  6:34  Roach x3  
  136  6:49  Roach x3  
  136  6:50  Roach x2  
  146  6:56  Drone  
  147  7:02  Extractor  
  147  7:03  Roach x4  
  147  7:04  Extractor  
  153  7:13  Hydralisk Den  
  153  7:14  Metabolic Boost, Baneling Nest  
  153  7:15  Evolution Chamber  
  150  7:16  Drone x3  
  150  7:18  Overlord  
  150  7:19  Overlord x3  
  151  7:26  Drone x2  
  151  7:27  Drone  
  154  7:43  Spore Crawler  
  153  7:44  Drone x2  
  153  7:45  Spore Crawler, Spine Crawler  
  153  7:46  Drone  
  153  7:47  Drone x4  
  153  7:48  Spine Crawler  
  153  7:49  Spore Crawler  
  153  7:50  Drone x2, Spine Crawler  
  157  7:55  Zerg Missile Weapons Level 1  
  157  7:57  Centrifical Hooks  
  157  7:59  Grooved Spines  
  155  8:23  Spore Crawler  
  155  8:25  Spine Crawler  
  135  8:34  Hydralisk x11  
  135  8:35  Hydralisk x3  
  163  8:52  Zergling x2  
  163  8:53  Zergling x38  
  183  8:59  Overlord  
  183  9:01  Overlord x2  
  183  9:10  Muscular Augments  
  183  9:20  Hydralisk x6  
  183  9:21  Hydralisk x2  
  183  9:24  Zergling x2  
  200  9:27  Baneling x11  
  200  9:28  Baneling x2  
  200  9:29  Baneling  
  200  9:33  Baneling x7  
  198  9:42  Zergling x4  
  200  9:50  Zerg Missile Weapons Level 2  
  200  9:55  Infestation Pit  
  149  10:46  Hydralisk x11  
  149  10:47  Hydralisk, Zergling x2  
  149  10:48  Zergling x38  
  125  11:10  Drone x9  
  122  11:18  Hive  
  122  11:20  Drone  
  122  11:22  Spire  
  120  11:26  Drone x9  
  120  11:28  Extractor  
  120  11:30  Extractor  
  123  11:33  Drone x2  
  123  11:34  Drone  
  123  11:36  Hydralisk x2  
  106  11:53  Hatchery  
  105  11:59  Hydralisk x2  
  105  12:00  Hydralisk x9  
  117  12:02  Hydralisk  
  113  12:26  Hydralisk x10  
  113  12:28  Hydralisk  
  135  12:36  Greater Spire  
  135  12:37  Spore Crawler  
  135  12:38  Spine Crawler  
  135  12:40  Zergling x16  
  135  12:41  Zergling x2  
  135  12:42  Zergling x2  
  143  13:07  Adrenal Glands  
  143  13:09  Zerg Melee Weapons Level 1  
  143  13:15  Hydralisk  
  143  13:16  Hydralisk x11  
  167  13:30  Drone  
  167  13:32  Extractor, Drone x5  
  167  13:33  Extractor  
  171  13:39  Zergling x22  
  182  13:43  Baneling x10  
  182  13:44  Baneling x2  
  182  13:45  Baneling  
  182  13:46  Baneling x2  
  182  13:53  Baneling x3  
  182  13:54  Zergling x6  
  182  13:55  Zergling x6  
  188  14:07  Corruptor x4  
Tags
 
Add a new tag
Caveats
  • Supply blocks, unpowered buildings, or Contaminate may cause inaccurate times.
  • Supply counts are checked every 10 seconds.